 Dungeon Crawl Stone Soup version 0.17.1-3-g152610e (webtiles) character file.

44 Zhenya25pyc the Conjurer (level 3, -8/16 HPs)
             Began as a Vine Stalker Conjurer on Mar 31, 2016.
             Mangled by an iguana (14 damage)
             ... on level 3 of the Dungeon.
             The game lasted 00:10:18 (1731 turns).

Zhenya25pyc the Conjurer (Vine Stalker Conjurer)    Turns: 1731, Time: 00:10:19

Health: -8/16      AC:  4    Str: 10    XL:     3   Next: 60%
Magic:  0/7        EV: 12    Int: 16    God:
Gold:   31         SH:  0    Dex: 14    Spells: 3 memorised, 1 level left

rFire  . . .     SeeInvis .     e - +0 dagger
rCold  . . .     Clarity  .     a - +0 robe
rNeg   . . .     SustAt   .     (no shield)
rPois  .         Gourm    .     k - +0 helmet
rElec  .         Spirit   +     (no cloak)
rCorr  .         Warding  .     (no gloves)
rMut   .         Stasis   .     l - +0 pair of boots
MR     .....                    (no amulet)
Stlth  ++........               (no ring)
                                (no ring)

@: not resistant to hostile enchantments, unstealthy
A: fangs 2, regeneration 1, magic shield, antimagic bite, no device heal 3, rot
immunity
a: no special abilities


You were on level 3 of the Dungeon.
You were not hungry.

You visited 1 branch of the dungeon, and saw 3 of its levels.

You collected 31 gold pieces.

Inventory:

Hand Weapons
 e - a +0 dagger (weapon)
Armour
 a - a +0 robe (worn)
 f - a +0 robe
 k - a +0 helmet (worn)
 l - a +0 pair of boots (worn)
 m - a +0 leather armour
Scrolls
 d - 2 scrolls of remove curse {unknown}
 j - 3 scrolls of noise {unknown}
 n - a scroll of fear {unknown}
Potions
 g - a potion of magic {unknown}
 h - a potion of haste {unknown}
 i - a potion of curing {unknown}
 p - a potion of brilliance {unknown}
Books
 b - a book of Conjurations

   Spells                             Type                      Level
   a - Magic Dart                     Conjuration                  1
   b - Searing Ray                    Conjuration                  2
   c - Dazzling Spray                 Conjuration/Hexes            3
   d - Fulminant Prism                Conjuration/Hexes            4
   e - Iskenderun's Mystic Blast      Conjuration                  4
   f - Iskenderun's Battlesphere      Conjuration/Charms           5
Comestibles
 c - 2 bread rations
 o - 2 chunks of flesh


   Skills:
 + Level 0.1 Short Blades
 + Level 1.8 Dodging
 + Level 2.8 Stealth
 + Level 2.5 Spellcasting
 + Level 4.7 Conjurations


You had one spell level left.
You knew the following spells:

 Your Spells              Type           Power        Failure   Level  Hunger
a - Magic Dart            Conj           ###.         3%          1    #......
b - Searing Ray           Conj           ###...       6%          2    ##.....
c - Dazzling Spray        Conj/Hex       #.......     28%         3    ###....


Dungeon Overview and Level Annotations

Branches:
Dungeon (3/15)

Altars:
Sif Muna
Zin


Innate Abilities, Weirdness & Mutations

You have extremely sharp teeth.
Your natural rate of healing is unusually fast.
When hurt, damage is shared between your health and your magic reserves.
Your bite disrupts and absorbs the magic of your enemies.
Potions and wands cannot restore your health.
You are immune to rotting.


Message History

Casting: Magic Dart
Confirm with . or Enter, or press ? or * to list all spells.
You don't have enough magic to cast that spell.
Unknown command.
The iguana bites you!
Ouch! That really hurt!
You hit the iguana.
The iguana is heavily wounded.
The iguana closely misses you.
You barely miss the iguana.
The iguana is moderately wounded.
The iguana barely misses you.
You barely miss the iguana.
The iguana is moderately wounded.
The iguana barely misses you.
You closely miss the iguana.
The iguana is moderately wounded.
The iguana bites you!
Ouch! That really hurt!
You die...

.# ._.......# .#
......$..# .#
..(8...[.# .#
.........# .#
....._...#
.########........#
.##.......#...##w#
....######## #l#
.#### #@# ########
.##########
#.#######......#
..........#
####..........###.#
#########.#
#.............# #.#
#.# #.###########.#
#.# #########.###.#
#.# #.#
............#.# #.#
#.# ########..#.#.#
#.# #.# #..#.#.#
#.# #.#


You could see a worm and an iguana.

Vanquished Creatures
  2 adders
  2 worms
  A giant cockroach (D:1)
  4 goblins
  2 hobgoblins (D:1)
  2 kobolds (D:1)
  A ball python (D:1)
  3 bats (D:1)
  A giant newt (D:3)
  4 rats
22 creatures vanquished.

Notes
Turn   | Place    | Note
--------------------------------------------------------------
     0 | D:1      | Zhenya25pyc the Vine Stalker Conjurer began the quest for the Orb.
     0 | D:1      | Reached XP level 1. HP: 9/9 MP: 4/4
     4 | D:1      | Noticed a ghoul
     4 | D:1      | Noticed a vampire
     6 | D:1      | Noticed a formicid
     6 | D:1      | Noticed a human
     8 | D:1      | Noticed a gargoyle
    10 | D:1      | Noticed an octopode
    12 | D:1      | Noticed a spriggan
    12 | D:1      | Noticed an elf
    14 | D:1      | Noticed a felid
    14 | D:1      | Noticed a draconian
    16 | D:1      | Noticed a demigod
    16 | D:1      | Noticed a dwarf
    18 | D:1      | Noticed a merfolk
    18 | D:1      | Noticed a troll
    20 | D:1      | Noticed a minotaur
    22 | D:1      | Noticed an ogre
    22 | D:1      | Noticed a vine stalker
    24 | D:1      | Noticed a demonspawn
    24 | D:1      | Noticed a centaur
    26 | D:1      | Noticed a tengu
    26 | D:1      | Noticed a naga
   464 | D:1      | Reached XP level 2. HP: 10/13 MP: 0/6
  1132 | D:2      | Reached XP level 3. HP: 16/16 MP: 1/7
  1143 | D:2      | Learned a level 2 spell: Searing Ray
  1295 | D:3      | Learned a level 3 spell: Dazzling Spray
  1715 | D:3      | Found a glowing silver altar of Zin.
  1715 | D:3      | Found a deep blue altar of Sif Muna.
  1731 | D:3      | Mangled by an iguana

Action                   || total
-------------------------++-------
Melee: Dagger            ||    33
 Cast: Magic Dart        ||    42
       Searing Ray       ||     2
  Eat: Chunk             ||     3
